 Dungeon Crawl Stone Soup version 0.19.1-1-g22dce08 (webtiles) character file.

46 Gargoyl the Skirmisher (level 3, -3/31 HPs)
             Began as a Ghoul Abyssal Knight on Jan 20, 2017.
             Was a Follower of Lugonu.
             Slain by a gnoll
             ... wielding a +0 club
              (5 damage)
             ... on level 1 of the Dungeon.
             The game lasted 00:02:43 (1077 turns).

Gargoyl the Skirmisher (Ghoul Abyssal Knight)       Turns: 1077, Time: 00:02:44

Health: -3/31      AC:  9    Str: 15    XL:     3   Next: 66%
Magic:  3/3        EV:  6    Int:  7    God:    Lugonu [*.....]
Gold:   54         SH:  5    Dex:  9    Spells: 0 memorised, 2 levels left

rFire  . . .     SeeInvis .     a - +1 hand axe
rCold  + + .     Gourm    .     d - +1 chain mail
rNeg   + + +     Faith    .     j - +0 buckler
rPois  ∞         Spirit   .     (no helmet)
rElec  .         Reflect  +     (no cloak)
rCorr  .         Harm     .     (no gloves)
MR     .....                    (no boots)
Stlth  ..........               b - +3 amulet of reflection
                                (no ring)
                                l - ring of protection from cold

@: rotting
A: rotting body, claws 1, carnivore 3, cold resistance 1, negative energy
resistance 3, slow regeneration 1, torment resistance, unbreathing
a: Depart the Abyss, Renounce Religion


You were on level 1 of the Dungeon.
You worshipped Lugonu.
Lugonu was aware of your devotion.
You were not hungry.

You visited 1 branch of the dungeon, and saw 2 of its levels.
You visited the Abyss 1 time.

You collected 54 gold pieces.

Inventory:

Hand Weapons
 a - a +1 hand axe (weapon)
Armour
 d - a +1 chain mail (worn)
 j - a +0 buckler (worn)
Jewellery
 b - a +3 amulet of reflection (around neck)
 i - an uncursed ring of fire {unknown}
 l - a ring of protection from cold (left claw)
 m - a cursed amulet of inaccuracy {unknown}
Potions
 e - a potion of lignification {unknown}
 g - a potion of cancellation {unknown}
 k - a potion of heal wounds {unknown}
Comestibles
 c - 2 meat rations
 f - a beef jerky


   Skills:
 + Level 3.6 Fighting
 + Level 2.1 Axes
 * Level 2.7 Armour
 + Level 1.1 Dodging
 * Level 2.3 Invocations


You had 2 spell levels left.
You didn't know any spells.

Dungeon Overview and Level Annotations

Branches:
Dungeon (2/15)

Altars:


Innate Abilities, Weirdness & Mutations

Your body is rotting away.
You thrive on raw meat.
You are immune to poison.
You have sharp fingernails.
You are carnivorous and can eat meat at any time.
Your flesh is cold resistant. (rC+)
You are immune to negative energy. (rN+++)
You regenerate slowly when monsters are visible.
You are immune to unholy pain and torment.
You can survive without breathing.


Message History

You block the gnoll's attack.
You closely miss the gnoll.
The gnoll is heavily wounded.
The gnoll hits you with a club.
You hit the gnoll.
The gnoll is almost dead.
The gnoll hits you but does no damage. The gnoll hits you with a club.
* * * LOW HITPOINT WARNING * * *
You hit the gnoll but do no damage.
The gnoll is almost dead.
The gnoll hits you with a club.
* * * LOW HITPOINT WARNING * * *
You barely miss the gnoll.
The gnoll is almost dead.
The gnoll hits you with a club.
* * * LOW HITPOINT WARNING * * *
Your shield and chain mail prevent you from hitting the gnoll.
The gnoll is almost dead.
The gnoll hits you with a club.
You die...

###########
#.........# #
#.........# #
#...g.....# #
#...@.....# #
#...).....# #
#.........###########
#....................
#.........###.#.#####
#.........# #...# #
#.........# ##.### #
#############....# #
#.....##.####


You could see a gnoll.

Vanquished Creatures
  A gnoll (D:2)
  A worm (D:2)
  A dart slug (D:2)
  5 giant cockroaches (D:1)
  6 goblins
  4 hobgoblins (D:1)
  4 bats
  2 frilled lizards (D:1)
  3 kobolds
  2 rats (D:1)
29 creatures vanquished.

Notes
Turn   | Place    | Note
-------+----------+-------------------------------------------
     0 | Abyss:1  | Gargoyl the Ghoul Abyssal Knight began the quest for the Orb.
     0 | Abyss:1  | Reached XP level 1. HP: 19/19 MP: 1/1
    34 | Abyss:1  | Noticed a flying skull
    47 | Abyss:1  | Noticed a neqoxec
    48 | Abyss:1  | Noticed a tentacled starspawn
    79 | Abyss:2  | Noticed a raiju
    80 | Abyss:2  | Noticed a raiju
    80 | D:1      | Escaped the Abyss
   404 | D:1      | Reached XP level 2. HP: 19/25 MP: 2/2
   453 | D:1      | Reached * piety under Lugonu
   453 | D:1      | Reached skill level 1 in Dodging
   794 | D:1      | Reached XP level 3. HP: 29/31 MP: 3/3
  1077 | D:1      | Slain by a gnoll

Skill      XL: |  1  2 |
---------------+-------+-----
Armour         | 2 |  2.7
Dodging        | 1 |  1.1
Axes           | 2 |  2.1
Fighting       | |  3.6
Invocations    | |  2.3

Action                   || total
-------------------------++-------
Melee: Hand axe          ||   122
Invok: Depart the Abyss  ||     1
  Use: Scroll            ||     5
  Eat: Chunk             ||    12
Armor: Chain mail        ||    75
Dodge: Dodged            ||    36
Block: Buckler           ||     5
